 Dungeon Crawl Stone Soup version 0.28.0-45-g0d030f2227 (webtiles) character file.

Game seed: 15137727451038872335

71 grandchungus the Chopper (level 4, -3/41 HPs)
             Began as a Minotaur Berserker on Apr 3, 2022.
             Was a Believer of Trog.
             Killed by nerve-wracking pain
             ... invoked by Jessica
              (5 damage)
             ... on level 2 of the Dungeon.
             The game lasted 00:10:24 (627 turns).

grandchungus the Chopper (Minotaur Berserker)        Turns: 627, Time: 00:10:25

Health: -3/41      AC:  6    Str: 24    XL:     4   Next: 5%
Magic:  3/3        EV: 13    Int:  4    God:    Trog [**....]
Gold:   6          SH:  0    Dex: 17    Spells: 3/3 levels left

rFire   . . .      SeeInvis .   a - +1 hand axe
rCold   . . .      Faith    .   (no shield)
rNeg    . . .      Spirit   .   b - +0 animal skin
rPois   .          Reflect  .   (helmet restricted)
rElec   .          Harm     .   (no cloak)
rCorr   .          Rampage  .   (no gloves)
Will    .....                   (no boots)
Stlth   ++........              (no amulet)
HPRegen 0.13/turn               d - +4 ring of protection
MPRegen 0.08/turn               g - +6 ring of dexterity

@: no status effects
A: horns 2, retaliatory headbutt, strong 1
a: Renounce Religion, Berserk, Trog's Hand


You were on level 2 of the Dungeon.
You worshipped Trog.
Trog was pleased with you.
You visited 1 branch of the dungeon, and saw 2 of its levels.

You collected 6 gold pieces.

Inventory:

Hand Weapons
 a - a +1 hand axe (weapon)
 c - a +0 club
 h - a +1 dagger of protection
Missiles
 e - 46 stones (quivered)
 i - 18 bolts
Armour
 b - a +0 animal skin (worn)
Jewellery
 d - a +4 ring of protection (left hand)
 g - a +6 ring of dexterity (right hand)
Scrolls
 f - a scroll of fear


   Skills:
 + Level 4.3 Fighting
 + Level 4.9 Axes
 + Level 2.7 Armour
 + Level 2.8 Dodging


You had 3 spell levels left.
You didn't know any spells.
Your spell library was empty.

Dungeon Overview and Level Annotations

Branches:
Dungeon (2/15)

Altars:

Annotations:
D:2 Jessica


Innate Abilities, Weirdness & Mutations

You have a pair of horns on your head.
You reflexively headbutt those who attack you in melee.
Your muscles are strong. (Str +2)


Message History

You feel stronger. The bat hits you but does no damage.
You see here a +0 whip.
The endoplasm freezes you.
You are frozen.
The endoplasm freezes you.
You are frozen.
You slash the endoplasm!
You kill the endoplasm!
Trog accepts your kill.
You can now call upon Trog for regeneration and willpower.
The bat closely misses you. You furiously retaliate!
You headbutt the bat!
You kill the bat!
Trog accepts your kill. The bat barely misses you. You furiously retaliate!
You headbutt the bat, but do no damage. Jessica casts a spell at you.
Pain shoots through your body!
* * * LOW HITPOINT WARNING * * *
You miss the bat. You headbutt the bat.
The bat is severely wounded.
The bat misses you. x2; You furiously retaliate!
You headbutt the bat!
You kill the bat!
Trog accepts your kill.
Jessica mumbles something strange.
Jessica casts a spell.
Jessica blinks!
Jessica casts a spell at you. Pain shoots through your body!
* * * LOW HITPOINT WARNING * * *
You feel yourself speed up.
Jessica shouts, "Stop bothering me, or I'll kill you!"
Jessica mumbles some strange words.
Jessica blinks!
Jessica gestures at you while chanting. Pain shoots through your body!
* * * LOW HITPOINT WARNING * * *
Jessica points at you and mumbles some strange words.
Pain shoots through your body!
You die...

#..#.#.#.#.##.# .#
#..#.#.#.#.##.##..#
#..#.#.#.#.##.##..#
#. #.#.#.#.##.##..#
..#.#.#.##.##..#
###.#.#.##.##..#
#.#.#.##.##..#
#.#.#........#
#.#.####.##@##
###.#.#....#..#
#.#......<...#..#
.......#.####....#
..............@..#
...............###
.....###.........#
..... ###.#####.#
##... #.# #@#


You could see Jessica.

Vanquished Creatures
  4 gnolls (D:2)
  3 endoplasms
  2 giant cockroaches (D:1)
  5 goblins (D:1)
  2 hobgoblins (D:1)
  4 jackals
  3 kobolds (D:1)
  3 ball pythons
  3 bats
  2 frilled lizards (D:1)
  A rat (D:1)
32 creatures vanquished.

Notes
Turn   | Place    | Note
-------+----------+-------------------------------------------
     0 | D:1      | grandchungus the Minotaur Berserker began the quest for the
                  | Orb.
     0 | D:1      | Reached XP level 1. HP: 19/19 MP: 0/0
    98 | D:1      | Reached XP level 2. HP: 18/27 MP: 1/1
   241 | D:1      | Found a faded altar of an unknown god.
   351 | D:1      | Gained mutation: Your muscles are strong. (Str +2) [potion
                  | of mutation]
   591 | D:2      | Reached XP level 3. HP: 33/33 MP: 2/2
   594 | D:2      | Noticed Jessica
   604 | D:2      | Reached XP level 4. HP: 21/41 MP: 3/3
   608 | D:2      | Reached ** piety under Trog
   622 | D:2      | HP: 2/41 [Jessica/nerve-wracking pain (4)]
   627 | D:2      | Killed from afar by Jessica

Illustrated notes

Levels and vault maps discovered:
D:1:      scummos_arrival_star, layout_rooms, chequers_ecumenical_altar_simple
D:2:      layout_basic, minmay_fractal_squares_5, uniq_jessica, uniq_robin

Skill      XL: |  1  2 |
---------------+-------+-----
Axes           | 4 |  4.9
Fighting       | 4 |  4.3
Armour         | |  2.7
Dodging        | |  2.8

Action                   |  1- 3 |  4- 6 || total
-------------------------+-------+-------++-------
Melee: Hand axe          |    51 |     2 ||    53
       Headbutt          |     8 |     1 ||     9
  Use: Scroll            |     3 |       ||     3
       Potion            |     3 |       ||     3
Armor: Animal skin       |    18 |     1 ||    19
Dodge: Dodged            |    34 |     4 ||    38
